 Dungeon Crawl Stone Soup version 0.29-a0-613-gf2c431b9b9 (webtiles) character file.

Game seed: 10788056347080019066

13 blackman the Sneak (level 2, -1/24 HPs)
             Began as a Human Delver on June 16, 2022.
             Was an Initiate of Zin.
             Succumbed to a kobold's poison
             ... on level 4 of the Dungeon.
             The game lasted 00:05:47 (1068 turns).

blackman the Sneak (Human Delver)                   Turns: 1068, Time: 00:05:48

Health: -1/24      AC:  3    Str: 12    XL:     2   Next: 50%
Magic:  2/2        EV: 12    Int: 10    God:    Zin [......]
Gold:   4          SH:  0    Dex: 14    Spells: 1/1 levels left

rFire   . . .      SeeInvis .   a - +0 hand axe
rCold   . . .      Faith    .   (no shield)
rNeg    . . .      Spirit   .   b - +0 leather armour
rPois   .          Reflect  .   (no helmet)
rElec   .          Harm     .   (no cloak)
rCorr   .          Rampage  .   (no gloves)
Will    .....                   (no boots)
Stlth   +++.......              (no amulet)
HPRegen 0.08/turn               (no ring)
MPRegen 0.08/turn               (no ring)

@: lethally poisoned (-1 -> -10)
A: no striking features
a: Renounce Religion, Donate Gold


You were on level 4 of the Dungeon.
You worshipped Zin.
Zin was noncommittal.
You visited 2 branches of the dungeon, and saw 3 of its levels.

You collected 9 gold pieces.
You donated 5 gold pieces to Zin.

Inventory:

Hand Weapons
 a - a +0 hand axe (weapon)
Armour
 b - a +0 leather armour (worn)
Scrolls
 c - a scroll of fog


   Skills:
 - Level 3.0 Fighting
 + Level 3.0 Axes
 - Level 2.0 Dodging
 - Level 5.0 Stealth


You had one spell level left.
You didn't know any spells.
Your spell library was empty.

Dungeon Overview and Level Annotations

Branches:
Dungeon (5/15)             Temple (1/1) D:4

Altars:
Ashenzari
Cheibriados
Dithmenos
Elyvilon
Fedhas
Gozag
Hepliaklqana
Kikubaaqudgha
Makhleb
Nemelex Xobeh
Okawaru
Qazlal
Ru
Sif Muna
Trog
Uskayaw
Vehumet
Wu Jian
Xom
Zin

Shops:
D:5 *


Message History

You have reached level 2!
You start resting.
HP restored.
You start waiting.
A jelly is nearby!
A phantom comes into view.
Found a hunting sling.
There is a stone staircase leading up here.
You climb upwards.
The kobold misses you. The endoplasm barely misses you.
The kobold hits you with a +0 club. The endoplasm hits you.
There is a stone staircase leading down here.
The endoplasm barely misses you. The kobold hits you but does no damage.
The kobold hits you but does no damage.
There is a stone staircase leading down here.
The kobold closely misses you. The kobold attacks as you move away!
The kobold hits you with a +0 club.
The kobold throws a poisoned dart.
The poisoned dart hits you!
You are poisoned.
You feel sick.
There is a stone staircase leading down here.
You feel sick.
You feel sick.
You feel sick.
You feel sick.
You feel sick.
You feel sick.
You feel sick.
You are no longer poisoned.
The kobold throws a poisoned dart.
The poisoned dart hits you.
You are poisoned.
You feel sick.
The kobold throws a poisoned dart.
The poisoned dart hits you!
You are lethally poisoned!
Found a scroll labelled CEUJIL JO SEI.
* * * LOW HITPOINT WARNING * * *
You feel very sick.
The kobold throws a poisoned dart.
The poisoned dart barely misses you.
* * * LOW HITPOINT WARNING * * *
You feel very sick.
The kobold throws a poisoned dart.
The poisoned dart closely misses you.
You die...

...............
.........$..............
.....o..................
........................
.......?................
........................
.............[..........
.....................?..
?...............@.......
........................
#.>.....................
##.........J............
#......................
##J##..$...............
##.#####..............
##K###K##############
##.#J##


You could see an endoplasm and a kobold.

Vanquished Creatures
  An adder (D:5)
  A giant cockroach (D:5)
  A hobgoblin (D:4)
  A quokka (Temple)
4 creatures vanquished.

Notes
Turn   | Place    | Note
-------+----------+-------------------------------------------
     0 | D:5      | blackman the Human Delver began the quest for the Orb.
     0 | D:5      | Reached XP level 1. HP: 18/18 MP: 1/1
    11 | D:5      | Noticed a jelly
    29 | D:4      | Found a staircase to the Ecumenical Temple.
    40 | Temple   | Entered the Ecumenical Temple
   503 | Temple   | Became a worshipper of Zin the Law-Giver
   802 | D:5      | Donated 5 gold pieces to Zin
   867 | D:4      | Noticed a jelly
   887 | D:5      | Reached XP level 2. HP: 14/24 MP: 2/2
  1045 | D:5      | Noticed a phantom
  1067 | D:4      | HP: 1/24 [poisoned by a kobold]
  1068 | D:4      | Succumbed to a kobold's poison

Illustrated notes

Levels and vault maps discovered:
D:4:      layout_layer_cave, minmay_temple_entry_mini_moons, minmay_quantized
D:5:      layout_loops_cross, serial_shops, shop, shop, uniq_grinder
Temple:   mainiacjoe_temple_cubbyholes

Skill      XL: |  1 |
---------------+----+-----
Axes           | 3 |  3.0
Fighting       | |  3.0
Dodging        | |  2.0
Stealth        | |  5.0

Action                   || total
-------------------------++-------
Melee: Hand axe          ||    41
Invok: Donate Gold       ||     1
Evoke: Wand              ||     3
  Use: Scroll            ||     2
       Potion            ||     2
Armor: Leather armour    ||    17
Dodge: Dodged            ||    44

Table legend: (Time is in decaauts)
 A = Elapsed time spent in this place.
 B = Non-inter-level travel time spent in this place.
 C = Inter-level travel time spent in this place.
 D = Time resting spent in this place.
 E = Time spent auto-exploring this place.
 F = Levels seen in this place.
 G = Mean time per level.
                   A        B        C        D        E       F      G
               +--------+--------+--------+--------+--------+-----+--------+
         Total |   1057 |    973 |     84 |    334 |    422 |   3 |  352.3 |
       Dungeon |    530 |    530 |      0 |    334 |      0 |   2 |  265.0 |
        Temple |    526 |    442 |     84 |      0 |    422 |   1 |  526.0 |
               +--------+--------+--------+--------+--------+-----+--------+

Top non-repeatable levels by time:
  Temple: 526 daAuts
     D:5: 409 daAuts
     D:4: 121 daAuts
